 Dungeon Crawl Stone Soup version 0.18.1-8-gdd0e5ea (webtiles) character file.

108 GFox the Ruffian (level 4, -1/29 HPs)
             Began as a Gargoyle Monk on May 30, 2016.
             Killed from afar by Natasha (7 damage)
             ... with a magic dart
             ... on level 2 of the Dungeon.
             The game lasted 00:09:23 (1115 turns).

GFox the Ruffian (Gargoyle Monk)                    Turns: 1115, Time: 00:09:24

Health: -1/29      AC:  6    Str: 15    XL:     4   Next: 87%
Magic:  4/4        EV: 12    Int: 11    God:
Gold:   106        SH:  0    Dex: 12    Spells: 0 memorised, 3 levels left

rFire  + . .     SeeInvis .       - Unarmed
rCold  . . .     Gourm    .     f - +0 leather armour
rNeg   + . .     Faith    .     (no shield)
rPois  ∞         Spirit   .     (no helmet)
rElec  +         Dismiss  .     (no cloak)
rCorr  .         Reflect  .     (no gloves)
SustAt .         Harm     .     (no boots)
MR     .....                    (no amulet)
Stlth  ++........               (no ring)
                                a - ring of protection from fire

@: very slightly contaminated, slowed, very slow, not resistant to hostile
enchantments, unstealthy
A: negative energy resistance 1, electricity resistance, unbreathing,
petrification resistance, rot immunity, AC +3
a: no special abilities


You were on level 2 of the Dungeon.
You were not hungry.

You visited 1 branch of the dungeon, and saw 2 of its levels.

You collected 106 gold pieces.

Inventory:

Armour
 f - a +0 leather armour (worn)
Jewellery
 a - a ring of protection from fire (left hand)
Scrolls
 c - a scroll of teleportation {unknown}
 e - a scroll of identify {unknown}
Potions
 d - 2 potions of flight {unknown}
 i - a potion of resistance {unknown}
Comestibles
 b - a bread ration
 g - 6 chunks of flesh
 h - a meat ration


   Skills:
 + Level 3.8 Fighting
 + Level 0.9 Armour
 + Level 3.2 Dodging
 + Level 2.3 Stealth
 + Level 4.9 Unarmed Combat


You had 3 spell levels left.
You didn't know any spells.

Dungeon Overview and Level Annotations

Branches:
Dungeon (2/15)

Altars:

Annotations:
D:2 Natasha


Innate Abilities, Weirdness & Mutations

You are resistant to torment.
Your stone body is resilient (AC +3).
You are immune to poison.
You resist negative energy.
You are resistant to electric shocks.
You can survive without breathing.
You are immune to petrification.
You are immune to rotting.


Message History

Found 2 metallic puce potions.
Your extra speed is starting to run out.
Found a stone staircase leading up.
d - 2 metallic puce potions You feel yourself slow down.
Found a scroll labeled QAUXZU ZEHAREA.
e - a scroll labeled QAUXZU ZEHAREA Natasha wildly gestures.
Natasha shimmers violently.
Natasha casts a spell at you. You resist with some effort.
Found a meat ration.
You see here a brown potion.
i - a brown potion Natasha casts a spell at you.
You feel yourself slow down.
You see here an adder skeleton.
Natasha stares at you and mumbles some strange words.
The magic dart hits you!
You die...

#...(......h..###.##...
..##...(...##.............
...........#########.#....
.......(...### ####.#....
###..........####....#....
####.....................##
....#.......##..#.........#
.#.........##...h........#
.........@##............#
##.......÷÷#..........###
#..(.....).h..#....###
####........#....#....#
#......(............#.#
.?###...(...#.###..##.#
...........#........ .
.........<........%...
......$....###...#....


You could see Natasha.

Vanquished Creatures
  Natasha (twice) (D:2)
  2 adders (D:2)
  A worm (D:2)
  A dart slug (D:2)
  A giant cockroach (D:1)
  4 goblins (D:1)
  3 hobgoblins (D:1)
  3 jackals (D:1)
  A quokka (D:2)
  A ball python (D:1)
  5 bats
  A giant newt (D:2)
  6 kobolds
  6 rats
37 creatures vanquished.

Notes
Turn   | Place    | Note
--------------------------------------------------------------
     0 | D:1      | GFox the Gargoyle Monk began the quest for the Orb.
     0 | D:1      | Reached XP level 1. HP: 14/14 MP: 1/1
   206 | D:1      | Reached XP level 2. HP: 19/19 MP: 2/2
   657 | D:1      | Reached XP level 3. HP: 18/23 MP: 3/3
   902 | D:2      | Noticed Natasha
   912 | D:2      | Killed Natasha
   922 | D:2      | Reached XP level 4. HP: 29/29 MP: 4/4
  1033 | D:2      | Noticed Natasha
  1046 | D:2      | HP: 1/29 [crimson imp[Natasha] (1)]
  1049 | D:2      | Killed Natasha
  1087 | D:2      | Noticed Natasha
  1115 | D:2      | Killed from afar by Natasha

Skill      XL: |  1  2  3  4 |
---------------+-------------+-----
Dodging        | 3 |  3.2
Fighting       | |  3.8
Armour         | |  0.9
Stealth        | |  2.3
Unarmed Combat | |  4.9

Action                   |  1- 3 |  4- 6 || total
-------------------------+-------+-------++-------
Melee: Unarmed           |    60 |    38 ||    98
       Punch             |     2 |       ||     2
  Use: Potion            |     2 |     1 ||     3
       Scroll            |     2 |       ||     2
 Stab: Sleeping          |     1 |       ||     1
  Eat: Chunk             |       |     1 ||     1
Armor: Robe              |     7 |       ||     7
       Leather armour    |     8 |    24 ||    32
       Skin              |     9 |       ||     9
Dodge: Dodged            |    35 |    28 ||    63
